 Dungeon Crawl Stone Soup version 0.18.1-6-gd335043 (webtiles) character file.

777 dorian the Distorting Ant (level 8, -5/87 HPs)
             Began as a Formicid Abyssal Knight on May 17, 2016.
             Was a Believer of Lugonu.
             Slain by a centaur (6 damage)
             ... on level 5 of the Dungeon.
             The game lasted 00:11:24 (5375 turns).

dorian the Distorting Ant (Formicid Abyssal Knight) Turns: 5375, Time: 00:11:25

Health: -5/87      AC: 24    Str: 21    XL:     8   Next: 10%
Magic:  8/13       EV:  2    Int: 12    God:    Lugonu [**....]
Gold:   133        SH:  0    Dex: 10    Spells: 0 memorised, 7 levels left

rFire  . . .     SeeInvis .     a - +1 hand axe
rCold  + . .     Gourm    .     (armour currently unavailable)
rNeg   + + +     Faith    .     (no shield)
rPois  +         Spirit   .     (helmet unavailable)
rElec  .         Dismiss  .     (cloak currently unavailable)
rCorr  .         Reflect  .     (gloves currently unavailable)
SustAt .         Harm     .     (boots currently unavailable)
MR     .....                    (no amulet)
Stlth  +.........               (no ring)
                                w - ring of protection from cold

@: tree-form, not resistant to hostile enchantments, very unstealthy
A: permanent stasis, dig shafts and tunnels, four strong arms, (antennae 0),
(talons 0), (cold resistance 0), strong 1
a: Depart the Abyss, Bend Space, Renounce Religion


You were on level 5 of the Dungeon.
You worshipped Lugonu.
Lugonu was pleased with you.
You were hungry.
You were a tree.
You visited 2 branches of the dungeon, and saw 6 of its levels.
You visited the Abyss 1 time.

You collected 133 gold pieces.

Inventory:

Hand Weapons
 a - a +1 hand axe (weapon)
Missiles
 y - 4 tomahawks (quivered)
Armour
 b - a +0 leather armour
 j - a +0 cloak (melded)
   (You found it on level 1 of the Dungeon)
 p - a +0 scale mail
   (You found it on level 3 of the Dungeon)
 v - a +1 leather armour of poison resistance (melded)
   (You took it off an orc on level 4 of the Dungeon)
Jewellery
 w - a ring of protection from cold (left branch)
   (You found it on level 4 of the Dungeon)
Scrolls
 g - 2 scrolls of immolation {unknown}
 h - a scroll of remove curse {unknown}
 i - 2 scrolls of teleportation {unknown}
 l - 3 scrolls of identify {unknown}
 q - a scroll of magic mapping {unknown}
 t - 2 scrolls of fog {unknown}
 u - a scroll of random uselessness {unknown}
Potions
 d - a potion of mutation
 e - a potion of heal wounds {unknown}
 m - a potion of flight {unknown}
 n - 2 potions of lignification
 o - 2 potions of magic {unknown}
 r - a potion of beneficial mutation {unknown}
 z - a potion of degeneration {unknown}
Books
 x - a book of Alchemy
   (You found it on level 4 of the Dungeon)

   Spells                             Type                      Level
   a - Sublimation of Blood           Necromancy                   2
   b - Ignite Poison                  Fire/Transmutation/Poison    3
   c - Petrify                        Transmutation/Earth          4
   d - Alistair's Intoxication        Transmutation/Poison         5
   e - Irradiate                      Conjuration/Transmutation    5
Comestibles
 c - a bread ration
 f - 2 meat rations


   Skills:
 - Level 3.2 Fighting
 + Level 6.3 Axes
 - Level 2.1 Armour
 - Level 0.8 Dodging
 + Level 7.3 Invocations


You had 7 spell levels left.
You didn't know any spells.

Dungeon Overview and Level Annotations

Branches:
Dungeon (5/15)             Temple (1/1) D:4

Altars:
Ashenzari
Dithmenos
Elyvilon
Fedhas
Makhleb
Okawaru
Qazlal
Yredelemnul
The Shining One

Shops:
D:4 ((?}}

Annotations:
Abyss:1 Menkaure


Innate Abilities, Weirdness & Mutations

You are under a permanent stasis effect.
You can dig through walls and to a lower floor.
Your four strong arms can wield two-handed weapons with a shield.
((You have a pair of large antennae on your head (SInv).))
((You have sharp toenails.))
((Your flesh is cold resistant.))
Your muscles are strong. (Str +2)


Message History

You hit the centaur.
The centaur is moderately wounded.
The centaur hits you but does no damage.
You hit the centaur but do no damage.
The centaur is moderately wounded.
The centaur hits you but does no damage. x2
You hit the centaur but do no damage.
The centaur is moderately wounded.
The centaur hits you but does no damage.
You hit the centaur.
The centaur is heavily wounded.
The centaur closely misses you. The centaur hits you.
* * * LOW HITPOINT WARNING * * *
You are too injured to fight recklessly!
You are too injured to fight recklessly!
You are too injured to fight recklessly!
You barely miss the centaur.
The centaur is heavily wounded.
The centaur hits you!
* * * LOW HITPOINT WARNING * * *
Drink which item? (? for menu, Esc to quit)
You feel better. The centaur hits you.
* * * LOW HITPOINT WARNING * * *
The centaur hits you but does no damage.
Drink which item? (? for menu, Esc to quit)
You feel better. The centaur hits you.
* * * LOW HITPOINT WARNING * * *
You slash the centaur!
The centaur is almost dead.
The centaur hits you.
* * * LOW HITPOINT WARNING * * *
The centaur hits you!
* * * LOW HITPOINT WARNING * * *
Drink which item? (? for menu, Esc to quit)
It was a potion of lignification.
You turn into a tree.
Your +0 cloak melds into your body.
Your +1 leather armour of poison resistance melds into your body.
Your roots penetrate the ground.
The centaur hits you but does no damage.
Drink which item? (? for menu, Esc to quit)
You don't have any such object.
Drink which item? (? for menu, Esc to quit)
You can't drink that!
Drink which item? (? for menu, Esc to quit)
It was a potion of mutation.
You feel extremely strange.
You feel resistant to cold.
Your toenails lengthen and sharpen.
You feel stronger.
The centaur hits you but does no damage.
The centaur hits you.
You die...

.##....# #
#....###
##.....###
##......##
##......##
#.......#
##......#### {
#..######c##
#....###.#♣##
{ #
#..##...c###.#
. # ....#
####....###
.c. . .....
####...##....#
. ......
###(....# .
..... ##....#
. .....
......# .
....#.. .
?..## . .


You could see a centaur.

Vanquished Creatures
  2 scorpions (D:4)
  3 orc wizards (D:4)
  2 giant frog zombies (D:5)
  Ijyb (D:3)
  Jessica (D:2)
  4 worker ants (D:4)
  A hound skeleton (D:4)
  2 adders
  2 river rats (D:4)
  2 oozes (D:1)
  An adder skeleton (D:4)
  2 worms
  A dart slug (D:3)
  2 giant geckos
  9 orcs
  2 bats
  3 giant cockroaches
  11 goblins
  8 hobgoblins
  11 jackals
  8 ball pythons
  A giant newt (D:4)
  5 kobolds
  9 rats
93 creatures vanquished.

Vanquished Creatures (others)
  The ghost of mopl the Chopper, an amateur HOFi (D:4)
  An ice beast (D:5)
  An ogre (D:4)
  An orc wizard (D:4)
  An orc priest (D:4)
5 creatures vanquished.

Grand Total: 98 creatures vanquished

Notes
Turn   | Place    | Note
--------------------------------------------------------------
     0 | Abyss:1  | dorian the Formicid Abyssal Knight began the quest for the Orb.
     0 | Abyss:1  | Reached XP level 1. HP: 18/18 MP: 2/2
    24 | D:1      | Escaped the Abyss
    55 | D:1      | HP: 7/18 [hobgoblin (4)]
    74 | D:1      | HP: 7/18 [rat (1)]
   310 | D:1      | Reached XP level 2. HP: 24/24 MP: 3/3
   532 | D:1      | Reached XP level 3. HP: 16/29 MP: 5/5
   583 | D:1      | Reached skill level 3 in Invocations
   857 | D:1      | Found a shadowy altar of Dithmenos.
   967 | D:1      | Reached ** piety under Lugonu
  1207 | D:2      | Reached skill level 3 in Axes
  1237 | D:2      | Noticed Jessica
  1245 | D:2      | Killed Jessica
  1245 | D:2      | Reached XP level 4. HP: 33/35 MP: 6/6
  1664 | D:2      | Reached skill level 4 in Invocations
  1730 | D:3      | Found a glowing golden altar of the Shining One.
  1731 | D:3      | Found a stormy altar of Qazlal.
  1732 | D:3      | Noticed Ijyb
  1733 | D:3      | Found an iron altar of Okawaru.
  1733 | D:3      | Found a shattered altar of Ashenzari.
  1749 | D:3      | Killed Ijyb
  1752 | D:3      | Reached XP level 5. HP: 34/41 MP: 8/8
  2238 | D:3      | HP: 19/41 [worm (4)]
  2530 | D:4      | Found Pasoit's Weapon Emporium.
  2538 | D:4      | Reached skill level 4 in Axes
  2562 | D:3      | Reached skill level 5 in Invocations
  2672 | D:4      | Found Axuas's Weapon Emporium.
  2679 | D:4      | Reached XP level 6. HP: 40/47 MP: 9/9
  2686 | D:4      | Found a blossoming altar of Fedhas.
  2774 | D:4      | Noticed mopl's ghost (amateur HOFi)
  2807 | D:4      | Found a white marble altar of Elyvilon.
  2861 | D:5      | Entered Level 5 of the Dungeon
  2865 | D:5      | Noticed an ice beast
  2903 | D:4      | Reached *** piety under Lugonu
  2951 | D:4      | HP: 23/47 [scorpion (3)]
  3020 | D:4      | HP: 23/47 [worker ant (4)]
  3025 | D:4      | HP: 19/47 [poisoned by a worker ant]
  3030 | D:4      | HP: 17/47 [poisoned by a worker ant]
  3035 | D:4      | HP: 16/47 [poisoned by a worker ant]
  3042 | D:4      | HP: 15/47 [poisoned by a worker ant]
  3050 | D:4      | HP: 14/47 [poisoned by a worker ant]
  3172 | D:4      | HP: 22/47 [orc (3)]
  3177 | D:4      | HP: 15/47 [orc (4)]
  3219 | D:4      | HP: 20/47 [jackal (1)]
  3478 | D:4      | Found a staircase to the Ecumenical Temple.
  3492 | D:4      | Found a burning altar of Makhleb.
  3498 | D:4      | Noticed an ogre
  3501 | D:4      | Banished an ogre
  3501 | D:4      | Reached skill level 5 in Axes
  3509 | D:4      | mopl's ghost turns its malevolent gaze towards you.
  3529 | D:4      | Banished mopl's ghost
  3529 | D:4      | Reached skill level 6 in Invocations
  3529 | D:4      | Reached XP level 7. HP: 52/52 MP: 5/11
  3573 | D:4      | HP: 26/52 [scorpion (9)]
  3583 | D:4      | HP: 26/52 [jackal (1)]
  3722 | D:4      | HP: 19/52 [orc/falchion (8)]
  3727 | D:4      | HP: 12/52 [orc/war axe (8)]
  3753 | Temple   | Entered the Ecumenical Temple
  3976 | D:4      | Found Tydamot Vifu's Gadget Boutique.
  3980 | D:4      | Found Ujocri's Gadget Shop.
  4021 | D:4      | Identified a book of Alchemy
  4034 | D:4      | Found Ciuzoeh's Magic Scroll Boutique.
  4230 | D:4      | HP: 26/52 [river rat (5)]
  4244 | D:4      | HP: 26/52 [ball python (1)]
  4617 | D:4      | HP: 24/52 [worker ant (3)]
  4623 | D:4      | HP: 22/52 [poisoned by a worker ant]
  4631 | D:4      | HP: 20/52 [poisoned by a worker ant]
  4639 | D:4      | HP: 19/52 [poisoned by a worker ant]
  4863 | D:4      | Found a basalt altar of Yredelemnul.
  5006 | D:5      | Noticed Menkaure
  5007 | D:5      | Banished Menkaure
  5007 | D:5      | Reached skill level 6 in Axes
  5007 | D:5      | Reached skill level 7 in Invocations
  5008 | D:5      | Reached XP level 8. HP: 30/58 MP: 8/13
  5166 | D:5      | HP: 28/58 [giant frog zombie (5)]
  5352 | D:5      | HP: 29/58 [centaur/arrow (10)]
  5362 | D:5      | HP: 21/58 [centaur (2)]
  5369 | D:5      | HP: 15/58 [centaur (4)]
  5370 | D:5      | HP: 6/58 [centaur (9)]
  5373 | D:5      | HP: 1/58 [centaur (8)]
  5375 | D:5      | Gained mutation: Your flesh is cold resistant. [potion of mutation]
  5375 | D:5      | Gained mutation: You have sharp toenails. [potion of mutation]
  5375 | D:5      | Gained mutation: Your muscles are strong. (Str +2) [potion of mutation]
  5375 | D:5      | Slain by a centaur

Skill      XL: |  1  2  3  4  5  6  7 |
---------------+----------------------+-----
Invocations    | 3 4 5 6 7 |  7.3
Axes           | 3 4 5 6 |  6.3
Fighting       | |  3.2
Armour         | |  2.1
Dodging        | |  0.8

Action                   |  1- 3 |  4- 6 |  7- 9 || total
-------------------------+-------+-------+-------++-------
Melee: Hand axe          |    80 |   217 |   171 ||   468
Invok: Banish            |       |     2 |     7 ||     9
 Abil: Dig               |       |       |     1 ||     1
  Use: Potion            |       |       |     4 ||     4
  Eat: Chunk             |     1 |     8 |     6 ||    15
       Royal jelly       |       |       |     1 ||     1
Armor: Leather armour    |    13 |    10 |    47 ||    70
       Scale mail        |       |    84 |       ||    84
       Skin              |       |       |     2 ||     2
Dodge: Dodged            |    40 |   113 |   103 ||   256
